 Dungeon Crawl Stone Soup version 0.28.0-53-g5a82cb258f (webtiles) character file.

Game seed: 13247827973628903228

205 issech the Chopper (level 5, -9/42 HPs)
             Began as a Minotaur Monk on June 5, 2022.
             Was a Believer of Hepliaklqana.
             Mangled by a mummy (14 damage)
             ... in an ossuary.
             The game lasted 00:11:19 (3438 turns).

issech the Chopper (Minotaur Monk)                  Turns: 3438, Time: 00:11:19

Health: -9/42      AC:  8    Str: 15    XL:     5   Next: 52%
Magic:  4/4        EV: 12    Int:  7    God:    Hepliaklqana [**....]
Gold:   146        SH:  0    Dex: 15    Spells: 4/4 levels left

rFire   . . .      SeeInvis .   o - +0 morningstar
rCold   . . .      Faith    .   n - orb {light}
rNeg    . . .      Spirit   .   e - +0 ring mail
rPois   .          Reflect  .   (helmet restricted)
rElec   .          Harm     .   f - +0 cloak
rCorr   .          Rampage  .   (no gloves)
Will    .....                   s - +1 pair of boots
Stlth   +.........              (no amulet)
HPRegen 0.14/turn               (no ring)
MPRegen 0.09/turn               (no ring)

@: glowing
A: reduced essence, horns 2, retaliatory headbutt
a: Renounce Religion, Recall Ancestor, Ancestor Identity


You were in an ossuary.
You worshipped Hepliaklqana.
Hepliaklqana was pleased with you.
You visited 2 branches of the dungeon, and saw 5 of its levels.
You also visited: Ossuary.

You collected 146 gold pieces.

Inventory:

Hand Weapons
 a - a +0 hand axe
 m - a +0 hunting sling
 o - a +0 morningstar (weapon)
Missiles
 c - 6 poisoned darts (quivered)
 d - 42 stones
 h - 22 sling bullets
 v - 2 boomerangs
 x - 26 arrows
Armour
 b - a +0 robe
 e - a +0 ring mail (worn)
 f - a +0 cloak (worn)
 n - an orb of light (worn)
 q - a +0 pair of boots
 s - a +1 pair of boots (worn)
Magical Staves
 w - a staff of poison
Jewellery
 y - a +6 ring of intelligence
 C - the amulet "Xeuseyn" {Reflect rC+ Regen+ Str+3 SH+5}
   (You found it on level 4 of the Dungeon)

   [amulet of reflection]

   It reflects blocked missile attacks.
   Str:       It affects your strength (+3).
   rC:        It protects you from cold.
   Regen:     It increases your rate of health regeneration.
   SH:        It affects your SH (+5).
Scrolls
 g - 2 scrolls of immolation {unknown}
 i - a scroll of teleportation {unknown}
 j - a scroll of blinking {unknown}
 u - 3 scrolls of identify {unknown}
Potions
 k - a potion of mutation {unknown}
 l - 2 potions of haste {unknown}
 p - a potion of lignification {unknown}
 r - 2 potions of degeneration {unknown}
 t - 2 potions of might {unknown}
 z - a potion of attraction {unknown}
 A - a potion of heal wounds {unknown}
 B - a potion of invisibility {unknown}


   Skills:
 + Level 4.4 Fighting
 + Level 5.1(5.3) Axes
 + Level 2.1(3.9) Maces & Flails
 + Level 2.4 Armour
 + Level 4.2 Dodging
 + Level 1.8 Stealth


You had 4 spell levels left.
You didn't know any spells.
Your spell library contained the following spells:

 Spells                   Type           Power      Damage    Failure   Level
 Scorch                   Fire           0%         2d5       80%         2
 Ozocubu's Armour         Ice            0%         N/A       95%         3
 Flame Wave               Conj/Fire      0%         2d4       100%        4
 Ozocubu's Refrigeration  Ice            0%         4d5       100%        7
 Ignition                 Fire           0%         3d3       100%        8


Dungeon Overview and Level Annotations

Branches:
Dungeon (4/15)             Temple (1/1) D:4         Ossuary (1/1)

Altars:
Ashenzari
Dithmenos
Elyvilon
Fedhas
Gozag
Hepliaklqana
Makhleb
Nemelex Xobeh
Okawaru
Sif Muna
Trog
Vehumet
Xom
Yredelemnul
Zin
The Shining One

Shops:
D:3 *


Innate Abilities, Weirdness & Mutations

Your life essence is reduced to manifest your ancestor. (-10% HP)
You have a pair of horns on your head.
You reflexively headbutt those who attack you in melee.


Message History

You destroy the hobgoblin zombie!
The gnoll zombie misses you. You furiously retaliate!
You headbutt the gnoll zombie.
The gnoll zombie hits you but does no damage.
You puncture the gnoll zombie!
You destroy the gnoll zombie!
The gnoll zombie hits you.
You hit the gnoll zombie. You headbutt the gnoll zombie.
The gnoll zombie is moderately damaged.
Belanum gestures at the gnoll zombie while chanting.
The stone arrow hits the gnoll zombie!
The orc zombie hits you.
The gnoll zombie hits Belanum.
Belanum casts a spell at the gnoll zombie.
The stone arrow hits the gnoll zombie!
The gnoll zombie is destroyed! 2 mummies and an orc zombie come into view.
The mummy hits you. The orc zombie closely misses you. The mummy hits you!
You hit the mummy.
The mummy is lightly damaged.
Belanum hits the mummy with a +0 quarterstaff!
The mummy is destroyed!
The orc zombie hits you but does no damage.
You puncture the orc zombie!
You destroy the orc zombie!
The mummy hits you!
You hit the mummy but do no damage. The mummy hits you!
Belanum hits the mummy with a +0 quarterstaff!
You completely miss the mummy. You headbutt the mummy!
You destroy the mummy!
The orc zombie hits Belanum but does no damage.
Belanum hits the orc zombie with a +0 quarterstaff!
The orc zombie is destroyed!
You swap places.
The mummy hits you but does no damage. The mummy hits you!
* * * LOW HITPOINT WARNING * * *
You hit the mummy.
The mummy is moderately damaged.
Belanum gestures at the mummy while chanting.
The puff of frost hits the mummy.
The mummy resists.
The mummy hits you!
You die...

... ##..## ....
...##....##....
...............
...............
.............
#........#
#..MM..# #..@.#
#..R.# #....#
#....# #....#
#....# #....#
#....# #.∩∩.#


You could see the friendly Belanum the battlemage and 2 mummies.

Vanquished Creatures
  Natasha (D:3)
  An orc wizard (D:2)
  A hound skeleton (D:2)
  A mummy (Ossuary)
  Robin (D:2)
  2 adders
  2 worms (D:2)
  4 dart slugs
  3 orcs
  7 bats
  6 endoplasms
  10 hobgoblins
  3 quokkas
  4 ball pythons
  3 frilled lizards
  A gnoll zombie (Ossuary)
  11 goblins
  A hobgoblin zombie (Ossuary)
  4 kobolds
  2 orc zombies (Ossuary)
  3 rats
  A spectral hobgoblin (D:2)
72 creatures vanquished.

Vanquished Creatures (collateral kills)
  A mummy (Ossuary)
  2 gnoll zombies (Ossuary)
  2 orc zombies (Ossuary)
5 creatures vanquished.

Grand Total: 77 creatures vanquished

Notes
Turn   | Place    | Note
-------+----------+-------------------------------------------
     0 | D:1      | issech the Minotaur Monk began the quest for the Orb.
     0 | D:1      | Reached XP level 1. HP: 19/19 MP: 0/0
   441 | D:1      | Reached XP level 2. HP: 27/27 MP: 1/1
  1035 | D:2      | Reached skill level 4 in Axes
  1053 | D:2      | Found a burning altar of Makhleb.
  1356 | D:2      | Reached skill level 1 in Armour
  1357 | D:2      | Reached XP level 3. HP: 33/33 MP: 2/2
  1447 | D:2      | Found a faded altar of an unknown god.
  1857 | D:3      | Found Goadghada's Assorted Antiques.
  1877 | D:3      | Identified the +2 helmet of the Original Sin {rF+ Int+2}
  1877 | D:3      | Noticed Robin
  1950 | D:2      | Killed Robin
  1951 | D:2      | Reached XP level 4. HP: 25/40 MP: 3/3
  2281 | D:3      | Got Sif Muna's Incunabulum of Fire
  2422 | D:3      | Noticed Natasha
  2429 | D:3      | Reached skill level 5 in Axes
  2430 | D:3      | Killed Natasha
  2431 | D:3      | Reached skill level 1 in Maces & Flails
  2431 | D:3      | Reached XP level 5. HP: 41/46 MP: 4/4
  3176 | D:4      | Found a staircase to the Ecumenical Temple.
  3193 | Temple   | Entered the Ecumenical Temple
  3358 | Temple   | Became a worshipper of Hepliaklqana the Forgotten
  3358 | Temple   | Reached * piety under Hepliaklqana
  3358 | Temple   | Reached ** piety under Hepliaklqana
  3359 | Temple   | Remembered your ancestor Belanum as a battlemage
  3406 | D:4      | Identified the amulet "Xeuseyn" {Reflect rC+ Regen+ Str+3
                  | SH+5}
  3414 | D:4      | Found a sand-covered staircase.
  3419 | Ossuary  | Entered an ossuary
  3438 | Ossuary  | Mangled by a mummy

Illustrated notes

Levels and vault maps discovered:
D:1:      dpeg_arrival_connections, layout_loops_cross
D:2:      layout_rooms, basic_altar, dreamdust_ecumenical_altar_drowned_temple,
          roderic_lattice_a, kennysheep_generic_room_2
D:3:      layout_basic, serial_aquarium, aquarium_bridge_square
          [aquarium_subvault_bridge, aquarium_subvault_bridge,
          aquarium_subvault_wall, aquarium_subvault_wall],
          aquarium_window_corner, aquarium_window_fake, aquarium_window_2,
          aquarium_view_2c, aquarium_pool_1, serial_shops, shop, uniq_natasha,
          uniq_robin
D:4:      layout_layer_cave, minmay_temple_entry_glass,
          nicolae_ossuary_entry_false_entrances, uniq_eustachio,
          uniq_blork_the_orc
Temple:   eino_temple_rhombus
Ossuary:  ossuary_tomb_3

Skill      XL: |  1  2  3  4  5 |
---------------+----------------+-----
Axes           | 4 5 |  5.1
Fighting       | 4 |  4.4
Armour         | 1 2 |  2.4
Dodging        | 4 |  4.2
Maces & Flails | 1 2 |  2.1
Stealth        | |  1.8

Action                   |  1- 3 |  4- 6 || total
-------------------------+-------+-------++-------
Melee: Hand axe          |    76 |     1 ||    77
       Headbutt          |    12 |     8 ||    20
       Morningstar       |       |    54 ||    54
Invok: Ancestor Life: Ba |       |     1 ||     1
Armor: Robe              |     5 |       ||     5
       Ring mail         |    34 |    43 ||    77
Dodge: Dodged            |    65 |    54 ||   119
